 Dungeon Crawl Stone Soup version 0.19.1-1-g22dce08 (webtiles) character file.

310 Dolanko the Slasher (level 6, -1/52 HPs)
             Began as a Draconian Gladiator on Jan 6, 2017.
             Slain by a worm (5 damage)
             ... on level 2 of the Dungeon.
             The game lasted 00:04:17 (2415 turns).

Dolanko the Slasher (Draconian Gladiator)           Turns: 2415, Time: 00:04:19

Health: -1/52      AC:  6    Str: 18    XL:     6   Next: 17%
Magic:  6/6        EV: 14    Int:  8    God:
Gold:   91         SH:  0    Dex: 13    Spells: 0 memorised, 5 levels left

rFire  . . .     SeeInvis .     a - +2 long sword
rCold  . . .     Gourm    .     (armour unavailable)
rNeg   . . .     Faith    .     (no shield)
rPois  .         Spirit   .     b - +0 hat
rElec  .         Reflect  .     (no cloak)
rCorr  .         Harm     .     (no gloves)
MR     .....                    (no boots)
Stlth  +.........               (no amulet)
                                (no ring)
                                (no ring)

@: no status effects
A: unfitting armour, cold-blooded, AC +6
a: no special abilities


You were on level 2 of the Dungeon.
You were not hungry.

You visited 1 branch of the dungeon, and saw 3 of its levels.

You collected 91 gold pieces.

Inventory:

Hand Weapons
 a - a +2 long sword (weapon)
Missiles
 c - 3 throwing nets (quivered)
Armour
 b - a +0 hat (worn)
Scrolls
 e - a scroll of identify {unknown}
 g - a scroll of magic mapping {unknown}
 j - a scroll of blinking {unknown}
 k - a scroll of teleportation
 l - a scroll of remove curse {unknown}
 m - a scroll of random uselessness {unknown}
 p - a scroll of fog {unknown}
Comestibles
 d - 2 bread rations
 h - 5 chunks of flesh


   Skills:
 + Level 3.7 Fighting
 * Level 5.3 Long Blades
 - Level 1.7 Throwing
 + Level 4.1 Dodging


You had 5 spell levels left.
You didn't know any spells.

Dungeon Overview and Level Annotations

Branches:
Dungeon (3/15)

Altars:
Ashenzari
Dithmenos
Fedhas


Innate Abilities, Weirdness & Mutations

Your plain brown scales are hard. (AC +6)
You cannot fit into any form of body armour.
You are cold-blooded and may be slowed by cold attacks.


Message History

The orc priest hits you.
You closely miss the orc priest. You tail-slap the orc priest.
The orc priest is almost dead.
The worm misses you.
You riposte.
You hit the worm.
You tail-slap the worm, but do no damage.
The worm is moderately wounded.
The orc priest barely misses you.
You hit the orc priest but do no damage.
The orc priest is almost dead.
The orc priest calls down the wrath of Beogh upon you.
Beogh smites you!
* * * LOW HITPOINT WARNING * * *
The worm barely misses you.
You closely miss the orc priest.
The orc priest is almost dead.
The orc priest mumbles some strange prayers to Beogh against you.
Pain shoots through your body!
* * * LOW HITPOINT WARNING * * *
The worm bites you.
You die...

#......<...# #.# #.#
#######)#..# #.# #.#
#.(#..# #.# #.# #.##..#
#.##### #.# ##.##..#
#.....# #.# # ##...#..#
#####.# #.#
######(....†.# #.###.#
.............############
#......
#.####.........o@wo.....#
####.## ##.#
##...#..##########.# #.##
..## ##.##..# #.# #...
...#####.##..# #.# #..#
)............# #.# #..#
...##.######.# #.# #..#
....#.# #.# #.######..#
.##.#.# #.# #.........#
.##.#.# #.# ########.##


You could see a worm, an orc priest and an orc.

Vanquished Creatures
  An orc warrior (D:2)
  A jelly (D:2)
  An orc wizard (D:3)
  An orc priest (D:2)
  4 adders
  An ooze (D:2)
  A worm (D:2)
  A dart slug (D:2)
  A leopard gecko (D:3)
  6 orcs
  9 bats
  2 giant cockroaches
  8 goblins
  7 hobgoblins
  3 jackals (D:2)
  2 quokkas
  A ball python (D:2)
  11 frilled lizards
  5 kobolds
  7 rats
73 creatures vanquished.

Notes
Turn   | Place    | Note
-------+----------+-------------------------------------------
     0 | D:1      | Dolanko the Draconian Gladiator began the quest for the Orb.
     0 | D:1      | Reached XP level 1. HP: 17/17 MP: 1/1
   124 | D:1      | Reached XP level 2. HP: 15/25 MP: 2/2
   697 | D:2      | Reached XP level 3. HP: 27/30 MP: 3/3
   852 | D:2      | Found a blossoming altar of Fedhas.
   859 | D:2      | Reached skill level 4 in Long Blades
  1449 | D:2      | Reached XP level 4. HP: 35/37 MP: 4/4
  1483 | D:2      | Found a shattered altar of Ashenzari.
  1483 | D:2      | Found a shadowy altar of Dithmenos.
  1510 | D:3      | Noticed an orc warrior
  1580 | D:3      | HP: 1/37 [orc wizard/puff of frost (7)]
  2068 | D:2      | Reached XP level 5. HP: 42/45 MP: 5/5
  2205 | D:2      | Killed an orc warrior
  2205 | D:2      | Reached skill level 5 in Long Blades
  2205 | D:2      | Reached XP level 6. HP: 25/52 MP: 6/6
  2415 | D:2      | Slain by a worm

Skill      XL: |  1  2  3  4  5 |
---------------+----------------+-----
Dodging        | 3 4 |  4.1
Long Blades    | 4 5 |  5.3
Fighting       | 3 |  3.7
Throwing       | |  1.7

Action                   |  1- 3 |  4- 6 || total
-------------------------+-------+-------++-------
Melee: Long sword        |   132 |    83 ||   215
       Tailslap          |    24 |    16 ||    40
Throw: Throwing net      |       |     1 ||     1
  Use: Potion            |       |     5 ||     5
       Scroll            |       |     3 ||     3
 Stab: Sleeping          |     1 |       ||     1
       Invisible         |       |     4 ||     4
  Eat: Chunk             |     1 |     5 ||     6
Armor: Skin              |    34 |    28 ||    62
Dodge: Dodged            |   104 |    71 ||   175
       Rpst.: Long sword |    34 |    20 ||    54
